| TOP OF THE 1ST |
|
Eugene Emeralds batting - Pitching for San Jose Missions : LHP Thomas Biko
|
|
Pitching: LHP Thomas Biko
|
|
|
Batting: LHB James Peters
|
0-0: Ball 1-0: Foul Ball, location: 2F 1-1: Swinging Strike 1-2: Strikes out swinging
|
|
Batting: RHB Tim Wallach
|
0-0: Called Strike 0-1: Called Strike 0-2: Ball 1-2: Fly out, F7 (Flyball, 7, EV 84.4 MPH)
|
|
Batting: LHB Ty Gainey
|
0-0: Foul Ball, location: 2F 0-1: Ball 1-1: Foul Ball, location: 2F 1-2: Ball 2-2: Ball 3-2: Foul Ball, location: 2F 3-2: Foul Ball, location: 2F 3-2: Fly out, F5 (Popup, 5S, EV 82.5 MPH)
|
| Top of the 1st over - 0 runs, 0 hits, 0 errors, 0 left on base; Eugene 0 - San Jose 0 |
| BOTTOM OF THE 1ST |
|
San Jose Missions batting - Pitching for Eugene Emeralds : RHP George Frazier
|
|
Pitching: RHP George Frazier
|
|
|
Batting: SHB Curt Bryan
|
0-0: Fly out, F6 (Popup, 6, EV 56.9 MPH)
|
|
Batting: RHB Vance Law
|
0-0: Ball 1-0: Swinging Strike 1-1: Ground out 3-1 (Groundball, 34S, EV 79.4 MPH)
|
|
Batting: SHB Bip Roberts
|
0-0: Ball 1-0: Fly out, F8 (Flyball, 8LD, EV 98.1 MPH)
|
| Bottom of the 1st over - 0 runs, 0 hits, 0 errors, 0 left on base; Eugene 0 - San Jose 0 |
| TOP OF THE 2ND |
|
Eugene Emeralds batting - Pitching for San Jose Missions : LHP Thomas Biko
|
|
Batting: LHB Dave Revering
|
0-0: Called Strike 0-1: Ball 1-1: Ball 2-1: Ball 3-1: SINGLE (Groundball, 4MD, EV 97.5 MPH)
|
|
Batting: LHB Randy Bush
|
0-0: Called Strike 0-1: Foul Ball, location: 2F 0-2: DOUBLE (Flyball, 8LXD, EV 95.0 MPH) Dave Revering to third
|
|
Batting: RHB Derrell Baker
|
0-0: Called Strike 0-1: Ball 1-1: Foul Ball, location: 2F 1-2: Ground out 4-3 (Groundball, 4, EV 83.8 MPH) Dave Revering scores Randy Bush to third
|
|
Batting: LHB Milt May
|
0-0: Fly out, F6 (Popup, 4MS, EV 70.0 MPH)
|
|
Batting: LHB Alfredo Edmead
|
0-0: Foul Ball, location: 2F 0-1: Ball 1-1: Fly out, F6 (Line Drive, 6, EV 71.3 MPH)
|
| Top of the 2nd over - 1 run, 2 hits, 0 errors, 1 left on base; Eugene 1 - San Jose 0 |
| BOTTOM OF THE 2ND |
|
San Jose Missions batting - Pitching for Eugene Emeralds : RHP George Frazier
|
|
Batting: LHB Marvell Wynne
|
0-0: Fly out, F9 (Flyball, 9LD, EV 102.5 MPH)
|
|
Batting: LHB Steven Michael
|
0-0: Ball 1-0: Swinging Strike 1-1: Called Strike 1-2: Ball 2-2: Ball 3-2: Foul Ball, location: 2F 3-2: Strikes out swinging
|
|
Batting: SHB David Piller
|
0-0: Called Strike 0-1: Ball 1-1: Foul Ball, location: 2F 1-2: Foul Ball, location: 2F 1-2: Ball 2-2: Foul Ball, location: 2F 2-2: Strikes out swinging
|
| Bottom of the 2nd over - 0 runs, 0 hits, 0 errors, 0 left on base; Eugene 1 - San Jose 0 |
| TOP OF THE 3RD |
|
Eugene Emeralds batting - Pitching for San Jose Missions : LHP Thomas Biko
|
|
Batting: RHB Bill Salazar
|
0-0: Foul Ball, location: 2F 0-1: Called Strike 0-2: Fly out, F8 (Flyball, 8LM, EV 85.6 MPH)
|
|
Batting: LHB James Peters
|
0-0: Called Strike 0-1: Swinging Strike 0-2: Ball 1-2: Ball 2-2: Strikes out swinging
|
|
Batting: RHB Tim Wallach
|
0-0: Ball 1-0: Foul Ball, location: 2F 1-1: Fly out, F9 (Flyball, 9, EV 88.1 MPH)
|
| Top of the 3rd over - 0 runs, 0 hits, 0 errors, 0 left on base; Eugene 1 - San Jose 0 |
| BOTTOM OF THE 3RD |
|
San Jose Missions batting - Pitching for Eugene Emeralds : RHP George Frazier
|
|
Batting: LHB Rich Gedman
|
0-0: Called Strike 0-1: Swinging Strike 0-2: Foul Ball, location: 2F 0-2: SINGLE (Line Drive, 8RS, EV 103.8 MPH)
|
|
Batting: RHB Pablo Cardiel
|
0-0: Ball 1-0: Ball 2-0: DOUBLE (Line Drive, 7LM, EV 103.1 MPH) Rich Gedman to third
|
|
Batting: LHB Jesus Valerio
|
0-0: Called Strike 0-1: Ball 1-1: Swinging Strike 1-2: Foul Ball, location: 2F 1-2: Ball 2-2: Ground out 6-3 (Groundball, 6, EV 88.1 MPH) Rich Gedman scores Pablo Cardiel to third
|
|
Batting: SHB Curt Bryan
|
0-0: Ground out U3 (Groundball, 3S, EV 80.0 MPH)
|
|
Batting: RHB Vance Law
|
0-0: Called Strike 0-1: Ball 1-1: Foul Ball, location: 2F 1-2: Foul Ball, location: 2F 1-2: Ball 2-2: Ball 3-2: Fly out, F8 (Flyball, 8RD, EV 90.0 MPH)
|
| Bottom of the 3rd over - 1 run, 2 hits, 0 errors, 1 left on base; Eugene 1 - San Jose 1 |
| TOP OF THE 4TH |
|
Eugene Emeralds batting - Pitching for San Jose Missions : LHP Thomas Biko
|
|
Batting: LHB Ty Gainey
|
0-0: Foul Ball, location: 2F 0-1: Ball 1-1: Ball 2-1: Foul Ball, location: 2F 2-2: Ball 3-2: SINGLE (Line Drive, 89M, EV 110.0 MPH)
|
|
Batting: LHB Dave Revering
|
0-0: Ball 1-0: Ball 2-0: Foul Ball, location: 2F 2-1: Ball 3-1: Base on Balls Ty Gainey to second
|
|
Batting: LHB Randy Bush
|
0-0: Ball 1-0: Reaches on Catchers interference Ty Gainey to third Dave Revering to second
|
|
Batting: RHB Derrell Baker
|
0-0: Ball 1-0: Fly out, F9 (Line Drive, 9, EV 97.5 MPH)
|
|
Batting: LHB Milt May
|
0-0: Ball 1-0: Called Strike 1-1: Ball 2-1: Fly out, F2 (Popup, 23F, EV 91.3 MPH)
|
|
Batting: LHB Alfredo Edmead
|
0-0: Called Strike 0-1: Ball 1-1: Ground out 4-3 (Groundball, 34D, EV 82.5 MPH)
|
| Top of the 4th over - 0 runs, 1 hit, 1 error, 3 left on base; Eugene 1 - San Jose 1 |
| BOTTOM OF THE 4TH |
|
San Jose Missions batting - Pitching for Eugene Emeralds : RHP George Frazier
|
|
Batting: SHB Bip Roberts
|
0-0: Ball 1-0: SINGLE (Flyball, 8RS, EV 94.4 MPH)
|
|
Batting: LHB Marvell Wynne
|
0-0: Ball Bip Roberts is caught stealing 2nd base 2-6 1-0: Ground out 6-3 (Groundball, 6, EV 78.1 MPH)
|
|
Batting: LHB Steven Michael
|
0-0: Ball 1-0: Foul Ball, location: 2F 1-1: Called Strike 1-2: Ground out 4-3 (Groundball, 4S, EV 83.8 MPH)
|
| Bottom of the 4th over - 0 runs, 1 hit, 0 errors, 0 left on base; Eugene 1 - San Jose 1 |
| TOP OF THE 5TH |
|
Eugene Emeralds batting - Pitching for San Jose Missions : LHP Thomas Biko
|
|
Batting: RHB Bill Salazar
|
0-0: Foul Ball, location: 2F 0-1: Fly out, F8 (Flyball, 8RM, EV 95.0 MPH)
|
|
Batting: LHB James Peters
|
0-0: Called Strike 0-1: Ball 1-1: Ball 2-1: Fly out, F7 (Flyball, 7D, EV 106.9 MPH)
|
|
Batting: RHB Tim Wallach
|
0-0: Called Strike 0-1: Called Strike 0-2: Ground out 6-3 (Groundball, 6, EV 89.4 MPH)
|
| Top of the 5th over - 0 runs, 0 hits, 0 errors, 0 left on base; Eugene 1 - San Jose 1 |
| BOTTOM OF THE 5TH |
|
San Jose Missions batting - Pitching for Eugene Emeralds : RHP George Frazier
|
|
Batting: SHB David Piller
|
0-0: Swinging Strike 0-1: Ground out 4-3 (Groundball, 4, EV 88.1 MPH)
|
|
Batting: LHB Rich Gedman
|
0-0: Called Strike 0-1: Ball 1-1: Ball 2-1: Swinging Strike 2-2: Ball 3-2: Fly out, F7 (Flyball, 7D, EV 100.6 MPH)
|
|
Batting: RHB Pablo Cardiel
|
0-0: Swinging Strike 0-1: Ground out 5-3 (Groundball, 56S, EV 85.0 MPH)
|
| Bottom of the 5th over - 0 runs, 0 hits, 0 errors, 0 left on base; Eugene 1 - San Jose 1 |
| TOP OF THE 6TH |
|
Eugene Emeralds batting - Pitching for San Jose Missions : LHP Thomas Biko
|
|
Batting: LHB Ty Gainey
|
0-0: Reached on error, E5 (Flyball, 5D, EV 91.3 MPH)
|
|
Batting: LHB Dave Revering
|
0-0: Grounds out, U3 (Groundball, 3L, EV 88.8 MPH)
|
|
Batting: LHB Randy Bush
|
0-0: Ball 1-0: Foul Ball, location: 2F 1-1: SINGLE (Groundball, 34D, EV 101.9 MPH) Ty Gainey to third Runner from 3rd tries for Home, SAFE, throw by RF to home
|
|
Batting: RHB Derrell Baker
|
0-0: Grounds into double play, 6-4-3 (Groundball, 6, EV 91.9 MPH)
|
| Top of the 6th over - 1 run, 1 hit, 1 error, 0 left on base; Eugene 2 - San Jose 1 |
| BOTTOM OF THE 6TH |
|
San Jose Missions batting - Pitching for Eugene Emeralds : RHP George Frazier
|
|
Batting: LHB Jesus Valerio
|
0-0: SINGLE (Groundball, 6M, EV 103.1 MPH) (infield hit)
|
|
Batting: SHB Curt Bryan
|
0-0: Ball 1-0: Ball Wild Pitch! Jesus Valerio to second 2-0: Fly out, F7 (Flyball, 7D, EV 98.1 MPH) Runner from 2nd tags up, SAFE at 3rd, no throw by LF
|
|
Batting: RHB Vance Law
|
0-0: Ball Squeeze bunt is on, Jesus Valerio is safe 1-1: Ball 2-1: Ball 3-1: Called Strike 3-2: Foul Ball, location: 2F 3-2: Strikes out swinging
|
|
Batting: SHB Bip Roberts
|
0-0: Foul Ball, location: 2F 0-1: Ball 1-1: Ball 2-1: Ball 3-1: Base on Balls
|
|
Batting: LHB Marvell Wynne
|
0-0: Ball 1-0: SINGLE (Groundball, 25, EV 71.9 MPH) (infield hit) Bip Roberts to second
|
|
Batting: LHB Steven Michael
|
0-0: Called Strike 0-1: Swinging Strike 0-2: Ball 1-2: Ball 2-2: Ball 3-2: Foul Ball, location: 2F 3-2: Base on Balls Bip Roberts to third Marvell Wynne to second
|
|
Batting: SHB David Piller
|
0-0: Ball 1-0: Called Strike 1-1: Ball 2-1: SINGLE (Flyball, 89S, EV 85.6 MPH) Bip Roberts scores Marvell Wynne to third Steven Michael to second Runner from 3rd tries for Home, SAFE, throw by RF to home
|
|
Batting: LHB Rich Gedman
|
0-0: SINGLE (Line Drive, 34D, EV 98.1 MPH) Steven Michael to third David Piller to second Runner from 3rd tries for Home, SAFE, throw by RF to home
|
|
Batting: RHB Pablo Cardiel
|
0-0: Called Strike 0-1: Ball 1-1: Ball 2-1: Called Strike 2-2: Foul Ball, location: 2F 2-2: Foul Ball, location: 2F 2-2: Foul Ball, location: 2F 2-2: DOUBLE (Groundball, 5L, EV 96.9 MPH) David Piller scores Rich Gedman to third Runner from 3rd tries for Home, throw by LF and OUT! 7-6-2
|
| Bottom of the 6th over - 5 runs, 5 hits, 0 errors, 1 left on base; Eugene 2 - San Jose 6 |
| TOP OF THE 7TH |
|
Eugene Emeralds batting - Pitching for San Jose Missions : LHP Thomas Biko
|
|
Batting: LHB Milt May
|
0-0: Foul Ball, location: 2F 0-1: Ball 1-1: Foul Ball, location: 2F 1-2: Foul Ball, location: 2F 1-2: Ground out U3 (Groundball, 3, EV 101.3 MPH)
|
|
Batting: LHB Alfredo Edmead
|
0-0: Ball 1-0: Ball 2-0: Ball 3-0: Called Strike 3-1: Base on Balls
|
|
Batting: RHB Bill Salazar
|
0-0: Ball 1-0: Called Strike 1-1: SINGLE (Line Drive, 4M, EV 103.8 MPH) Alfredo Edmead to second
|
|
Batting: LHB James Peters
|
0-0: Called Strike 0-1: Called Strike Alfredo Edmead steals 3rd base Bill Salazar to second 0-2: Ground out U3 (Groundball, 23, EV 89.4 MPH) Alfredo Edmead scores Bill Salazar to third
|
|
Batting: RHB Tim Wallach
|
0-0: Called Strike 0-1: Ball 1-1: Called Strike 1-2: Ball 2-2: Foul Ball, location: 2F 2-2: Foul Ball, location: 2F 2-2: Ground out 1-3 (Groundball, 13, EV 65.0 MPH)
|
| Top of the 7th over - 1 run, 1 hit, 0 errors, 1 left on base; Eugene 3 - San Jose 6 |
| BOTTOM OF THE 7TH |
|
San Jose Missions batting - Pitching for Eugene Emeralds : RHP George Frazier
|
|
Batting: LHB Jesus Valerio
|
0-0: Ball 1-0: Foul Ball, location: 2F 1-1: Foul Ball, location: 2F 1-2: Reached on error, E6 (Popup, 6M, EV 68.1 MPH)
|
|
Batting: SHB Curt Bryan
|
0-0: Bunted foul 0-1: Ball 1-1: Bunt missed! 1-2: Grounds into double play, 6-4-3 (Groundball, 6, EV 85.6 MPH)
|
|
Batting: RHB Vance Law
|
0-0: Ball 1-0: Called Strike 1-1: Called Strike 1-2: Ball 2-2: Ground out 6-3 (Groundball, 56, EV 81.9 MPH)
|
| Bottom of the 7th over - 0 runs, 0 hits, 1 error, 0 left on base; Eugene 3 - San Jose 6 |
| TOP OF THE 8TH |
|
Eugene Emeralds batting - Pitching for San Jose Missions : LHP Thomas Biko
|
|
Batting: LHB Ty Gainey
|
0-0: Called Strike 0-1: Foul Ball, location: 2F 0-2: Fly out, F9 (Flyball, 9, EV 83.8 MPH)
|
|
Batting: LHB Dave Revering
|
0-0: Ball 1-0: Called Strike 1-1: Foul Ball, location: 2F 1-2: Ball 2-2: SINGLE (Line Drive, 89S, EV 93.1 MPH)
|
|
Pitching: RHP Kenneth Palmer
|
|
|
Batting: LHB Randy Bush
|
0-0: Ball 1-0: Fly out, F5 (Popup, 5SF, EV 71.9 MPH)
|
|
Batting: RHB Derrell Baker
|
0-0: Called Strike 0-1: Swinging Strike 0-2: Fielders Choice at 2nd, 6-4 (Groundball, 6, EV 84.4 MPH)
|
| Top of the 8th over - 0 runs, 1 hit, 0 errors, 1 left on base; Eugene 3 - San Jose 6 |
| BOTTOM OF THE 8TH |
|
San Jose Missions batting - Pitching for Eugene Emeralds : RHP George Frazier
|
|
Batting: SHB Bip Roberts
|
0-0: Foul Ball, location: 2F 0-1: Called Strike 0-2: Ball 1-2: SINGLE (Groundball, 6S, EV 61.3 MPH) (infield hit)
|
|
Batting: LHB Marvell Wynne
|
0-0: Ball 1-0: Ball 2-0: SINGLE (Line Drive, 6D, EV 105.6 MPH) Bip Roberts to second
|
|
Pitching: LHP Martin Pavlik
|
|
|
Batting: LHB Steven Michael
|
0-0: Foul Ball, location: 2F 0-1: Called Strike 0-2: Ball 1-2: Strikes out swinging
|
|
Batting: SHB David Piller
|
0-0: Ball 1-0: Ball 2-0: Called Strike 2-1: Ground out 5-3 (Groundball, 56S, EV 86.9 MPH) Bip Roberts to third Marvell Wynne to second
|
|
Batting: LHB Rich Gedman
|
0-0: Called Strike 0-1: Swinging Strike 0-2: SINGLE (Groundball, 34D, EV 95.0 MPH) Bip Roberts scores Marvell Wynne to third Runner from 3rd tries for Home, SAFE, throw by RF to home
|
|
Batting: RHB Pablo Cardiel
|
0-0: Ball 1-0: Ball 2-0: Ball 3-0: Called Strike 3-1: Base on Balls Rich Gedman to second
|
|
Batting: LHB Jesus Valerio
|
0-0: Ball 1-0: Fly out, F6 (Line Drive, 6, EV 61.9 MPH)
|
| Bottom of the 8th over - 2 runs, 3 hits, 0 errors, 2 left on base; Eugene 3 - San Jose 8 |
| TOP OF THE 9TH |
|
Eugene Emeralds batting - Pitching for San Jose Missions : RHP Kenneth Palmer
|
|
Batting: LHB Milt May
|
0-0: Called Strike 0-1: Ball 1-1: DOUBLE (Line Drive, 7LM, EV 110.6 MPH)
|
|
Batting: LHB Alfredo Edmead
|
0-0: Foul Ball, location: 2F 0-1: Foul Ball, location: 2F 0-2: Foul Ball, location: 2F 0-2: Strikes out swinging
|
|
Batting: RHB Bill Salazar
|
0-0: Fly out, F9 (Flyball, 9D, EV 105.0 MPH) Runner from 2nd tags up, SAFE at 3rd, no throw by RF
|
|
Batting: LHB James Peters
|
0-0: Ball 1-0: Ball 2-0: Called Strike 2-1: Foul Ball, location: 2F 2-2: Ball 3-2: Base on Balls
|
|
Batting: RHB Tim Wallach
|
0-0: Called Strike 0-1: Ball 1-1: Fly out, F8 (Line Drive, 8LD, EV 91.9 MPH)
|
| Top of the 9th over - 0 runs, 1 hit, 0 errors, 2 left on base; Eugene 3 - San Jose 8 |
|